cohdb
Replays
Latest Replays
All Replays
Popular Replays
Top Player Replays
Match Explorer
How It Works
Community
CoH3 Stats
Reddit
Sign in to upload your games and track your stats! →
Sign in with Steam
Match 47064194
Unlisted
Match 47064194
Overview
Messages
Build Orders
End
Kradschützen Motorcycle Team
250 Light Carrier
Panzergrenadier Squad
Panzergrenadier Squad
Selects Panzerjäger Kommand Battlegroup
Selects Panzerjäger Kommand Battlegroup
Construct Light Support Kompanie
MG34 Team
Selects GrB 39 Grenade Launcher Requisition
Panzergrenadier Squad
Selects Blockade Equipment
2.5-tonne Medical Truck
Fire Support Elements
Selects Defensive Positions
Panzerjäger Mechanized Group
2.5-tonne Medical Truck
Flakvierling Half-track
Selects Butterfly Bomb Drop
Selects Crew Shock Tactics
MG34 Team
Construct Mechanized Kompanie
StuG III D Assault Gun
Panzerjäger Mechanized Group
Butterfly Bomb Drop
Panzergrenadier Squad
7
Ares
Douzer
Coleslaw
DavidBlaineMagic.com
Aurelius
JVM
MORDORLU GANDALF
0
0
Comments
sign in to comment!
No comments posted yet!